[Event "SixDays Budapest January IM-B 2025"]
[Site "Budapest"]
[Date "2025.01.30"]
[Round "8.4"]
[White "Senthil Maran K"]
[Black "Tancsa, Tamas"]
[Result "1-0"]
[Annotator "TA"]
[ECO "E62"]
[WhiteElo "2398"]
[BlackElo "2192"]
[PlyCount "85"]
[EventDate "2025.01.24"]
[EventType "tourn"]
[EventCountry "HUN"]
[SourceTitle "playchess.com"]
[Source "ChessBase"]
[SourceQuality "1"]
[TimeControl "5400+30"]

1. d4 Nf6 2. Nf3 g6 3. g3 Bg7 4. Bg2 O-O 5. O-O d6 6. c4 Nc6 7. Nc3 e5 8. d5 Nb8 {[%emt 0:00:12][%cal Bc6b8,Bb8d7,Bd7c5][%mdl 32] [#] is now more promising than 8...Ne7.} 9. c5 {[%emt 0:00:08] E62: King's Indian: Fianchetto: 6...c6 and Panno Variation (6...Nc6) without ...a6.} Nbd7 10. cxd6 cxd6 11. Nd2 {[%emt 0:00:51] White is slightly better.} Ne8 12. Nc4 f5 13. a4 a5 14. Nb5 Nc5 15. Be3 b6 16. Ra3 Ba6 17. Bxc5 bxc5 18. Qd2 $146 (18. e4 Rb8 19. Rb3 Qd7 20. Qc2 Bxb5 21. Rxb5 Rxb5 22. axb5 Nc7 23. b6 Na6 24. Ra1 fxe4 25. Rxa5 {1-0 Krunic,D (2116)-Bozanic,J (1934) EU-ch 23rd Vrnjacka Banja 2023 (10)}) 18... Bc8 19. Rb3 Rf7 20. Ra1 Rb7 21. Raa3 Bf8 22. e4 f4 23. Qe2 g5 24. Nc3 {[%emt 0:00:44] A dynamic duo of knights.} ({White should play} 24. gxf4 $1 $14 gxf4 25. Bh3) 24... Rb4 $11 25. Na2 Rxb3 26. Rxb3 Bd7 27. Nc3 {[%emt 0:01:36] White has more active pieces.} Nc7 28. Rb6 Rb8 {[%emt 0:04:39] Loses the game.} (28... Ne8 $16 29. Bf1 fxg3) 29. Rxb8 $18 Qxb8 30. Nxa5 Bxa4 $2 {[%emt 0:00:14] [#]} (30... Qe8 31. Qc2 g4) 31. Nxa4 Qb4 32. Nc6 Qxa4 33. Bh3 {[%emt 0:01:40] Repels Ne6} (33. Qg4 $142) 33... h5 $2 (33... h6 34. Kg2 Qa8) 34. Qxh5 Qxe4 35. Qxg5+ Kf7 36. Bf5 {[%emt 0:05:37][%csl Gf5][%cal Rg5g6] White mates.} Qe1+ 37. Kg2 f3+ 38. Kh3 Qf1+ 39. Kh4 Bg7 40. Bg6+ Kg8 41. Qd8+ Bf8 42. Qxc7 Qc4+ 43. Kh5 {[%emt 0:00:11] Weighted Error Value: White=0.12 (very precise) /Black=0.74  Mistake:       	White=2     	Black=3      Inaccurate:     	White=1     	Black=6      OK:         	White=9     	Black=5      Best:        	White=4     	Black=1} 1-0

[Event "SixDays Budapest January IM-B 2025"]
[Site "Budapest"]
[Date "2025.01.30"]
[Round "8.5"]
[White "Horvath, David"]
[Black "Papp, Bence"]
[Result "1/2-1/2"]
[Annotator "TA"]
[ECO "D37"]
[WhiteElo "2299"]
[BlackElo "2272"]
[PlyCount "30"]
[EventDate "2025.01.24"]
[EventType "tourn"]
[EventCountry "HUN"]
[SourceTitle "playchess.com"]
[Source "ChessBase"]
[SourceQuality "1"]
[TimeControl "5400+30"]

1. d4 Nf6 2. c4 e6 3. Nf3 d5 4. Nc3 a6 5. cxd5 exd5 6. Bg5 {[%emt 0:00:25] D37: Queen's Gambit Declined: 5 Bf4.} Be6 7. e3 Nbd7 8. Bd3 {[%emt 0:00:31] White is slightly better.} Bd6 9. h3 c6 10. Bf4 Qc7 11. Qd2 h6 12. Bxd6 $146 (12. b4 Bxf4 13. exf4 Nb6 14. f5 Ne4 15. Nxe4 dxe4 16. fxe6 exf3 17. exf7+ Qxf7 18. Qe3+ {½-½ Navara,D (2703)-Mamedyarov,S (2772) Bundesliga 1920 2019 (11.1)}) 12... Qxd6 13. Rc1 O-O 14. O-O Rfe8 15. Rfe1 Rac8 {[%emt 0:04:54] Weighted Error Value: White=0.03 (flawless) /Black=0.04 (flawless)   OK:         	White=4     	Black=5} 1/2-1/2